 Dungeon Crawl Stone Soup version 0.21.1-1-g345015fe64 (webtiles) character file.

122 Jyngge the Covered (level 4, -3/40 HPs)
             Began as a Minotaur Fighter on June 23, 2018.
             Slain by an orc
             ... wielding a +0 dagger
              (4 damage)
             ... on level 3 of the Dungeon.
             The game lasted 00:06:05 (2022 turns).

Jyngge the Covered (Minotaur Fighter)               Turns: 2022, Time: 00:06:05

Health: -3/40      AC:  9    Str: 21    XL:     4   Next: 78%
Magic:  3/3        EV:  6    Int:  5    God:
Gold:   132        SH:  9    Dex: 10    Spells: 3/3 levels left

rFire    . . .     SeeInvis .   a - +0 war axe
rCold    . . .     Gourm    .   c - +0 shield
rNeg     . . .     Faith    .   k - +0 chain mail
rPois    .         Spirit   .   (helmet restricted)
rElec    .         Reflect  .   (no cloak)
rCorr    .         Harm     .   (no gloves)
MR       .....                  (no boots)
Stlth    ..........             (no amulet)
HPRegen  0.13/turn              (no ring)
MPRegen  0.08/turn              (no ring)

@: no status effects
A: retaliatory headbutt, horns 2
a: no special abilities


You were on level 3 of the Dungeon.
You were not hungry.

You visited 1 branch of the dungeon, and saw 3 of its levels.

You collected 132 gold pieces.

Inventory:

Hand Weapons
 a - a +0 war axe (weapon)
Armour
 b - a +0 scale mail
 c - a +0 shield (worn)
 g - a +0 ring mail
 k - a +0 chain mail (worn)
Scrolls
 h - 2 scrolls of teleportation
 i - 2 scrolls of remove curse {unknown}
 j - 3 scrolls of identify {unknown}
 p - a scroll of enchant armour {unknown}
 q - a scroll of immolation {unknown}
 r - a scroll of fear {unknown}
 t - a scroll of enchant weapon {unknown}
 u - a scroll of magic mapping {unknown}
Potions
 d - 2 potions of might
 e - a potion of cancellation {unknown}
 l - a potion of brilliance {unknown}
 n - a potion of flight {unknown}
 o - 3 potions of curing {unknown}
 s - a potion of lignification {unknown}
 v - 2 potions of degeneration {unknown}
Comestibles
 f - 6 rations
 m - 4 chunks of flesh


   Skills:
 + Level 3.9 Fighting
 + Level 4.3 Axes
 + Level 4.5 Armour
 + Level 0.9 Dodging
 + Level 0.2 Stealth
 + Level 4.4 Shields


You had 3 spell levels left.
You didn't know any spells.

Dungeon Overview and Level Annotations

Branches:
Dungeon (3/15)

Altars:
Gozag
Wu Jian
Xom


Innate Abilities, Weirdness & Mutations

You reflexively headbutt those who attack you in melee.
You have a pair of horns on your head.


Message History

The orc priest is moderately wounded.
You closely miss the orc. The orc hits you with a dagger.
The orc priest hits you but does no damage.
You block the orc's attack.
You closely miss the orc priest.
The orc priest is moderately wounded.
You hit the orc. You block the orc priest's attack.
The orc hits you but does no damage.
The orc priest calls down the wrath of Beogh upon you.
Pain shoots through your body!
* * * LOW HITPOINT WARNING * * *
You closely miss the orc priest. Your headbutt misses the orc priest.
The orc priest is moderately wounded.
You hit the orc but do no damage. The orc hits you but does no damage.
You block the orc priest's attack.
You closely miss the orc priest.
You headbutt the orc priest, but do no damage.
The orc priest is moderately wounded.
You hit the orc. The orc hits you with a dagger.
You die...

#.........#
#######.........#
..........<.....#
#######.....[...#
#.........# ##
#.......<.# ...##
#.........#####
..!...####.........#...#
#......o@..........#...#
####...##o.....#####...#
#...##..............#
#.#..)..............#
#..####.......####...#
..............## #...#
.####..........# #.###
#..###...>..# #.# ...
#......# #.#


You could see an orc priest and an orc.

Vanquished Creatures
  Natasha (twice) (D:2)
  3 adders
  2 worms
  5 orcs (D:3)
  2 bats
  2 giant cockroaches
  2 goblins
  4 hobgoblins
  3 jackals (D:1)
  A kobold (D:2)
  A ball python (D:2)
  3 frilled lizards
  9 rats
39 creatures vanquished.

Notes
Turn   | Place    | Note
-------+----------+-------------------------------------------
     0 | D:1      | Jyngge the Minotaur Fighter began the quest for the Orb.
     0 | D:1      | Reached XP level 1. HP: 19/19 MP: 0/0
   375 | D:1      | Reached XP level 2. HP: 24/27 MP: 1/1
   424 | D:1      | Found a shimmering altar of Xom.
  1086 | D:2      | Found an ornate altar of the Wu Jian Council.
  1163 | D:2      | Noticed Natasha
  1168 | D:2      | Killed Natasha
  1168 | D:2      | Reached XP level 3. HP: 33/33 MP: 2/2
  1595 | D:2      | Reached XP level 4. HP: 36/40 MP: 3/3
  1669 | D:2      | Noticed Natasha
  1677 | D:2      | Killed Natasha
  1925 | D:3      | Found an opulent altar of Gozag.
  2020 | D:3      | HP: 1/40 [orc priest/nerve-wracking pain (13)]
  2022 | D:3      | Slain by an orc

Skill      XL: |  1  2  3  4 |
---------------+-------------+-----
Shields        | 4 |  4.4
Axes           | 3 4 |  4.3
Armour         | 4 |  4.5
Fighting       | |  3.9
Dodging        | |  0.9
Stealth        | |  0.2

Action                   |  1- 3 |  4- 6 || total
-------------------------+-------+-------++-------
Melee: War axe           |    74 |    40 ||   114
       Headbutt          |     7 |     5 ||    12
  Use: Scroll            |       |     1 ||     1
  Eat: Chunk             |     2 |     2 ||     4
Armor: Scale mail        |    31 |       ||    31
       Chain mail        |     7 |    22 ||    29
Dodge: Dodged            |    31 |     9 ||    40
Block: Shield            |    42 |    20 ||    62
